 Dungeon Crawl Stone Soup version 0.28.0-53-g5a82cb258f (webtiles) character file.

Game seed: 9593719203741658683

36 mcbry74 the Insei (level 3, 0/26 HPs)
             Began as a Merfolk Transmuter on July 6, 2022.
             Slain by a kobold
             ... wielding a +0 short sword
              (5 damage)
             ... on level 2 of the Dungeon.
             The game lasted 00:02:37 (1528 turns).

mcbry74 the Insei (Merfolk Transmuter)              Turns: 1528, Time: 00:02:38

Health: 0/26       AC:  2    Str: 10    XL:     3   Next: 37%
Magic:  6/6        EV: 12    Int: 14    God:
Gold:   16         SH:  0    Dex: 14    Spells: 5/6 levels left

rFire   . . .      SeeInvis .     - Unarmed
rCold   . . .      Faith    .   (no shield)
rNeg    . . .      Spirit   .   a - +0 robe
rPois   .          Reflect  .   (helmet currently unavailable)
rElec   .          Harm     .   (no cloak)
rCorr   .          Rampage  .   (no gloves)
Will    .....                   (boots currently unavailable)
Stlth   +.........              (no amulet)
HPRegen 0.08/turn               (no ring)
MPRegen 0.10/turn               (no ring)

@: appendages (expiring)
A: horns 2, (nimble swimmer 2), mertail
a: End Transformation


You were on level 2 of the Dungeon.
You had temporarily grown beastly horns.
You visited 1 branch of the dungeon, and saw 2 of its levels.

You collected 16 gold pieces.

Inventory:

Missiles
 c - 4 silver boomerangs
Armour
 a - a +0 robe (worn)
Scrolls
 b - a scroll of noise {unknown}
Potions
 d - 2 potions of cancellation {unknown}


   Skills:
 - Level 1.1 Fighting
 - Level 2.6 Dodging
 * Level 4.4 Unarmed Combat
 - Level 2.0 Spellcasting
 + Level 3.5 Transmutations


You had 5 spell levels left.
You knew the following spells:

 Your Spells              Type           Power      Damage    Failure   Level
a - Beastly Appendage     Tmut           22%        N/A       5%          1

Your spell library contained the following spells:

 Spells                   Type           Power      Damage    Failure   Level
 Wereblood                Tmut           11%        N/A       9%          2
 Spider Form              Tmut/Pois      6%         N/A       34%         3
 Ice Form                 Ice/Tmut       6%         N/A       75%         4


Dungeon Overview and Level Annotations

Branches:
Dungeon (2/15)

Altars:


Innate Abilities, Weirdness & Mutations

You have temporarily grown beastly horns.
((You are very nimble when in or above water. (Stealth+, EV+, Speed+++)))
Your lower body shifts to a powerful aquatic tail in water.


Message History

You are poisoned.
The adder poisons you!
You hit the adder. Your headbutt misses the adder.
The adder is severely wounded.
You feel sick. The adder bites you.
You hit the adder.
The adder is almost dead.
You feel sick. The adder bites you but does no damage.
You miss the adder.
The adder is almost dead.
You feel sick. The adder closely misses you.
You closely miss the adder.
The adder is almost dead.
You feel sick. The adder closely misses you. The adder barely misses you.
You punch the adder!
You kill the adder!
You feel sick.
You are no longer poisoned.
You barely miss the kobold. Your headbutt misses the kobold.
You hit the kobold. Your headbutt misses the kobold.
Your punch misses the kobold.
The kobold is severely wounded.
The kobold hits you with a +0 short sword.
You miss the kobold. Your headbutt misses the kobold.
The kobold is severely wounded.
The kobold closely misses you.
You hit the kobold but do no damage.
The kobold is severely wounded.
A giant cockroach comes into view.
The kobold hits you with a +0 short sword.
* * * LOW HITPOINT WARNING * * *
The kobold hits you with a +0 club.
* * * LOW HITPOINT WARNING * * *
The kobold barely misses you.
You hit the kobold but do no damage.
You headbutt the kobold, but do no damage.
The kobold is severely wounded.
Your transformation is almost over.
The kobold hits you with a +0 short sword.
You die...

....# ..K.##.
...... ....#
....# ###....#
#......#
########B#....#
#....@K†g#....#
#.....K###....#
#......###....#
#)............S.
#####...........#
#...........#
#...........#
####...........#
#.........[....#


You could see a giant cockroach, a goblin and 2 kobolds.

Vanquished Creatures
  An adder (D:2)
  3 ball pythons
  6 endoplasms (D:1)
  A goblin (D:1)
  6 jackals (D:1)
  A kobold (D:1)
  2 bats
  A frilled lizard (D:1)
  A rat (D:1)
22 creatures vanquished.

Notes
Turn   | Place    | Note
-------+----------+-------------------------------------------
     0 | D:1      | mcbry74 the Merfolk Transmuter began the quest for the Orb.
     0 | D:1      | Reached XP level 1. HP: 15/15 MP: 3/3
   364 | D:1      | Reached XP level 2. HP: 10/21 MP: 3/5
   573 | D:1      | Reached skill level 4 in Unarmed Combat
  1431 | D:2      | Reached XP level 3. HP: 22/26 MP: 3/6
  1528 | D:2      | Slain by a kobold

Illustrated notes

Levels and vault maps discovered:
D:1:      dpeg_arrival_boxes_within_box, layout_basic
D:2:      layout_basic, minmay_tripent

Skill      XL: |  1  2 |
---------------+-------+-----
Transmutations | 3 |  3.5
Unarmed Combat | 4 |  4.4
Fighting       | |  1.1
Dodging        | |  2.6
Spellcasting   | |  2.0

Action                   || total
-------------------------++-------
Melee: Unarmed           ||    67
       Headbutt          ||    12
       Punch             ||     4
 Cast: Beastly Appendage ||    13
 Stab: Sleeping          ||     2
Armor: Robe              ||    10
Dodge: Dodged            ||    48
